AoeStats
← raw0000

Pilgrims

509354348Analyzed
4v4 RM · 6d ago on Sep 26, 2026· 35m 37s· 8 players
Game mode
Random Map
Map size
Large (8 player)
Population
200
Speed
Normal
Resources
Standard
Victory
Conquest
Starting age
Dark Age
Ending age
Imperial Age
RankedLock teamsTeams togetherTeam positionsShared explorationLock speedFull tech treeHidden civsTurbo modeCheats
Victory
Defeat
🇨🇳 Wu · China
1357
+11
🇨🇳 Khmer · China
1249
+15
🇨🇳 Vietnamese · China
1165
+19
🇨🇳 Chinese · China
1123
+22
🇮🇳 Teutons · India
1267
-18
🇿🇦 Japanese · South Africa
1235
-17
🇫🇷 Spanish · France
1223
-16
🇮🇳 Malay · India
1218
-16
raw0000
4:55 Loom
11:10 Feudal Age
12:01 Double-Bit Axe
13:22 Horse Collar
20:19 Castle Age
21:27 Bow Saw
21:20 Heavy Plow
21:35 Squires
21:23 Arson
34:09 Town Watch
Sythe
12:33 Feudal Age
16:00 Castle Age
13:59 Fishing Lines
16:09 Medium Warships
16:26 Gillnets
18:29 Siphons
20:40 Ballistics
20:32 Clinker Construction
27:06 Husbandry
29:07 Forging
29:03 Scale Barding Armor
jack_the_snowman
8:56 Loom
10:41 Feudal Age
14:41 Castle Age
12:59 Double-Bit Axe
14:55 Horse Collar
24:30 Padded Archer Armor
25:41 Fletching
34:42 Bloodlines
Jongboog
9:54 Loom
12:43 Feudal Age
13:08 Double-Bit Axe
13:10 Fishing Lines
18:05 Wheelbarrow
22:11 Castle Age
23:43 Hand Cart
23:57 Bow Saw
26:50 Imperial Age
24:41 Fletching
25:02 Padded Archer Armor
25:44 Bodkin Arrow
26:12 Ballistics
27:56 Bracer
28:22 Leather Archer Armor
29:13 Chemistry
29:19 Parthian Tactics
31:43 Ring Archer Armor
32:38 Onager
33:17 Gillnets
SimonGood
11:04 Feudal Age
11:45 Double-Bit Axe
12:50 Fishing Lines
15:27 Castle Age
14:18 Fletching
16:46 Bodkin Arrow
17:10 Gillnets
20:32 Gold Mining
20:56 Bow Saw
22:59 Ballistics
24:24 Padded Archer Armor
30:32 Red Cliffs Tactics
32:02 Wheelbarrow
35:17 Hand Cart
34:48 Loom
38:29 Imperial Age
王炸炸
6:36 Loom
12:17 Feudal Age
17:17 Bloodlines
17:25 Scale Barding Armor
19:29 Castle Age
17:37 Scale Barding Armor
31:20 Horse Collar
qiufen40
6:00 Loom
11:45 Feudal Age
14:54 Fletching
18:21 Castle Age
17:29 Double-Bit Axe
17:36 Gold Mining
20:00 Medium Warships
20:35 Bodkin Arrow
21:38 Medium Warships
23:25 Horse Collar
24:57 Bow Saw
27:39 Wheelbarrow
31:01 Imperial Age
28:47 Heavy Plow
29:32 Hand Cart
29:02 Town Watch
30:24 Ballistics
30:23 Scale Mail Armor
30:34 Forging
31:29 Caravan
31:49 Chain Mail Armor
31:59 Town Patrol
33:36 Two-Man Saw
33:46 Chemistry
33:23 Squires
33:09 Arson
33:44 Elite Fire Lancer
大清第一巴图鲁
3:26 Loom
11:11 Feudal Age
16:53 Castle Age
15:04 Double-Bit Axe
15:24 Stone Mining
19:01 Fletching
19:26 Gold Mining
19:51 Bow Saw
23:35 Imperial Age
22:24 Bodkin Arrow
23:37 Horse Collar
24:47 Wheelbarrow
24:58 Padded Archer Armor
25:27 Heavy Plow
27:10 Leather Archer Armor
29:29 Two-Man Saw
31:03 Conscription
33:01 Ballistics
32:50 Town Watch
33:21 Hand Cart
33:47 Gold Shaft Mining
33:50 Stone Shaft Mining
Connection lost

Rejoining the realm…

Still unreachable

The connection could not be restored.

Session expired

The server has moved on; the page needs a fresh start.